 Dungeon Crawl Stone Soup version 0.30.1 (webtiles) character file.

Game seed: 3470634831659506184

403 cowcol the Chopper (level 6, 0/55 HPs)
             Began as a Minotaur Fighter on July 11, 2023.
             Was an Initiate of Okawaru.
             Slain by booth's ghost (6 damage)
             ... on level 4 of the Dungeon on July 12, 2023.
             The game lasted 00:10:31 (4302 turns).

cowcol the Chopper (Minotaur Fighter)               Turns: 4302, Time: 00:10:32

Health: 0/55       AC:  7    Str: 23    XL:     6   Next: 55%
Magic:  5/5        EV:  9    Int:  5    God:    Okawaru [......]
Gold:   316        SH:  4    Dex:  9    Spells: 5/5 levels left

rFire   . . .        a - +0 war axe
rCold   . . .        c - +0 buckler
rNeg    . . .        b - +0 scale mail
rPois   .            (helmet restricted)
rElec   .            (no cloak)
rCorr   .            (no gloves)
SInv    .            (no boots)
Will    .....        (no amulet) Stlth
                     (no ring)
HPRegen 0.29/turn    (no ring)
MPRegen 0.09/turn

%: no passive effects
@: mighty
A: horns 2, retaliatory headbutt
a: Renounce Religion


You were on level 4 of the Dungeon.
You worshipped Okawaru.
Okawaru was noncommittal.
You visited 1 branch of the dungeon, and saw 4 of its levels.

You collected 316 gold pieces.

Inventory:

Hand Weapons
 a - a +0 war axe (weapon)
Missiles
 g - 6 poisoned darts
 p - 5 atropa-tipped darts (quivered)
Armour
 b - a +0 scale mail (worn)
 c - a +0 buckler (worn)
Jewellery
 t - a ring of magical power
Scrolls
 i - 4 scrolls of teleportation
 l - a scroll of silence
 n - a scroll of immolation {unknown}
 r - a scroll of vulnerability
 s - a scroll of amnesia
Potions
 d - a potion of ambrosia {unknown}
 e - 2 potions of degeneration {unknown}
 f - a potion of curing {unknown}
 h - 2 potions of brilliance {unknown}
 j - a potion of mutation {unknown}
 k - 3 potions of heal wounds {unknown}
 m - 3 potions of lignification {unknown}
 o - a potion of attraction {unknown}
 u - a potion of haste {unknown}


   Skills:
 + Level 4.9 Fighting
 + Level 6.3 Axes
 + Level 0.7 Throwing
 + Level 5.4 Armour
 - Level 3.9 Shields


You had 5 spell levels left.
You didn't know any spells.
Your spell library contained the following spells:

 Spells                   Type           Power      Damage    Failure   Level
 Magic Dart               Conj           0%         1d3       83%         1
 Searing Ray              Conj           0%         2d4       93%         2
 Portal Projectile        Hex/Tloc       0%         N/A       99%         3
 Volatile Blastmotes      Fire/Tloc      0%         2d10      99%         3
 Fulminant Prism          Conj/Hex       0%         3d5       100%        4
 Iskenderun's Mystic Bla  Conj/Tloc      0%         2d3       100%        4
 Passage of Golubria      Tloc           0%         N/A       100%        4
 Blade Hands              Tmut           0%         N/A       100%        5
 Lee's Rapid Deconstruct  Erth           0%         3d4*      100%        5
 Yara's Violent Unravell  Hex/Tmut       0%         3d3       100%        5
 Tukima's Dance           Hex            Unusable   N/A       N/A         3

Dungeon Overview and Level Annotations

Branches:
Dungeon (4/15)
 Temple: D:4-7

Altars:
Hepliaklqana
Okawaru
Yredelemnul

Annotations:
D:4 booth's ghost, amateur GrGl


Innate Abilities, Weirdness & Mutations

You have a pair of horns on your head.
You reflexively headbutt those who attack you in melee.


Message History

You slash the endoplasm!
You kill the endoplasm!
Okawaru accepts your kill.
Booth's ghost turns its malevolent gaze towards you.
There is an open door here.
Could not explore, unopened runed door.
You feel very mighty all of a sudden.
You open the gate. You closely miss booth's ghost. Booth's ghost hits you!
Booth's ghost freezes you.
You closely miss booth's ghost. Booth's ghost hits you.
Booth's ghost freezes you.
You hit booth's ghost.
Booth's ghost is lightly damaged.
Booth's ghost hits you but does no damage.
You hit booth's ghost.
Booth's ghost is moderately damaged.
Booth's ghost hits you but does no damage.
Booth's ghost hits you! Booth's ghost freezes you.
You barely miss booth's ghost.
Booth's ghost is moderately damaged.
Booth's ghost hits you! Booth's ghost freezes you.
You slash booth's ghost! Your headbutt misses booth's ghost.
Booth's ghost is severely damaged.
Booth's ghost hits you but does no damage.
You barely miss booth's ghost.
Booth's ghost is severely damaged.
Booth's ghost hits you!
* * * LOW HITPOINT WARNING * * *
Booth's ghost freezes you.
* * * LOW HITPOINT WARNING * * *
Okay, then.
Okay, then.
Booth's ghost attacks as you move away!
Booth's ghost hits you but does no damage.
There is a basalt altar of Yredelemnul here.
As you read the scroll labelled USISEMUTOA, it crumbles to dust.
It is a scroll of amnesia.
You feel forgetful for a moment. Booth's ghost hits you.
You die...

#.# #.#####.###.#
##...##...... #.#
#.# #.#...#
#..#.##......
##.###.# #.....#
#.#####......
#......# #######
#'##.....####
########
####.##.###.####
###....##.#.......
##.#.#####.#.#.####
#....'.!##.#.#.#
#.@W.'.$##.#.#.# ##
#....'.$##...#.# #.
##.#.#########.# #.
###....##.....# #.
####.##.....###.
###'##.....()..
#..........###.
#..............
#..........###.


You could see booth's ghost.

Vanquished Creatures
  A bullfrog (D:4)
  A scorpion (D:4)
  A hound (D:4)
  A scorpion zombie (D:4)
  Natasha (twice) (D:2)
  An iguana (D:4)
  A hound zombie (D:4)
  Robin (D:3)
  2 adders
  4 worms
  2 dart slugs
  2 orcs (D:4)
  6 endoplasms
  5 giant cockroaches
  18 goblins
  18 hobgoblins
  3 jackals (D:1)
  2 quokkas
  4 ball pythons
  5 bats
  5 frilled lizards
  3 kobolds
  5 rats
93 creatures vanquished.

Notes
Turn   | Place    | Note
-------+----------+-------------------------------------------
     0 | D:1      | cowcol the Minotaur Fighter began the quest for the Orb.
     0 | D:1      | Reached XP level 1. HP: 19/19 MP: 0/0
   107 | D:1      | Reached XP level 2. HP: 21/27 MP: 1/1
   575 | D:1      | Reached XP level 3. HP: 33/33 MP: 2/2
  1062 | D:2      | Reached skill level 3 in Axes
  1163 | D:2      | Found a faded altar of an unknown god.
  1442 | D:2      | Noticed Natasha
  1448 | D:2      | Killed Natasha
  1449 | D:2      | Reached XP level 4. HP: 40/40 MP: 3/3
  1572 | D:2      | Reached skill level 4 in Axes
  1656 | D:2      | Noticed Natasha
  1664 | D:2      | Killed Natasha
  2512 | D:3      | Noticed Robin
  2516 | D:3      | Reached XP level 5. HP: 47/47 MP: 4/4
  2551 | D:3      | Killed Robin
  2687 | D:3      | Found a hazy altar of Hepliaklqana.
  3364 | D:4      | Reached skill level 5 in Axes
  3492 | D:4      | Found a runed translucent gate.
  3492 | D:4      | Found a runed translucent gate.
  3492 | D:4      | Found a runed translucent gate.
  3492 | D:4      | Noticed booth's ghost (amateur GrGl)
  3497 | D:4      | Found a basalt altar of Yredelemnul.
  3519 | D:4      | Reached skill level 5 in Armour
  3574 | D:4      | Reached XP level 6. HP: 53/53 MP: 5/5
  3599 | D:4      | Found an iron altar of Okawaru.
  3602 | D:4      | Became a worshipper of Warmaster Okawaru
  4080 | D:4      | Reached skill level 6 in Axes
  4302 | D:4      | Slain by booth's ghost

Illustrated notes

Levels and vault maps discovered:
D:1:      dpeg_arrival_short_road, layout_rooms, minmay_indecisive_spiral
D:2:      cheibrodos_greedy_goblins, layout_basic,
          shapermc_ecumenical_altar_venn, nicolae_wormholes, uniq_natasha
D:3:      layout_loops_ring, nicolae_overflow_crystal_walls, uniq_robin
D:4:      layout_basic, nicolae_yredelemnul_ghost_church, kennysheep_mini_moat,
          grunt_decor_resistance

Skill      XL: |  1  2  3  4  5  6 |
---------------+-------------------+-----
Fighting       | 4 |  4.9
Armour         | 4 5 |  5.4
Axes           | 3 4 5 6 |  6.3
Throwing       | |  0.7
Shields        | |  3.9

Action                     |  1- 3 |  4- 6 || total
---------------------------+-------+-------++-------
  Melee: War axe           |    74 |   142 ||   216
         Headbutt          |     4 |    20 ||    24
  Throw: Dart              |       |     7 ||     7
    Use: Scroll            |     3 |     5 ||     8
         Potion            |     1 |     2 ||     3
   Stab: Invisible         |       |     6 ||     6
 Armour: Scale mail        |    40 |    48 ||    88
  Dodge: Dodged            |    38 |    53 ||    91
  Block: Buckler           |    18 |    15 ||    33
